 Dungeon Crawl Stone Soup version 0.21-a0-143-g1ab7d47 (webtiles) character file.

324 drasked the Poker (level 6, -6/78 HPs)
             Began as a Naga Gladiator on July 24, 2017.
             Killed from afar by drasked's ghost (8 damage)
             ... with a flame tongue
             ... on level 4 of the Dungeon.
             The game lasted 00:09:22 (2800 turns).

drasked the Poker (Naga Gladiator)                  Turns: 2800, Time: 00:09:23

Health: -6/78      AC: 23    Str: 17 (18) XL:     6   Next: 48%
Magic:  6/6        EV:  1    Int:  7 (9)  God:
Gold:   162        SH:  0    Dex: 16 (17) Spells: 5/5 levels left

rFire    + . .     SeeInvis +   a - +0 trident
rCold    + . .     Gourm    .   (no shield)
rNeg     + + +     Faith    .   (armour currently unavailable)
rPois    +         Spirit   .   (helmet currently unavailable)
rElec    +         Reflect  .   (cloak currently unavailable)
rCorr    +         Harm     .   (gloves currently unavailable)
MR       .....     NoTele   +   (no barding)
Stlth    ++........             (no amulet)
HPRegen  0.23/turn              m - ring of positive energy {rN+}
MPRegen  0.10/turn              (no ring)

@: agile, tree-form, resistant
A: see invisible, slow metabolism 1, spit poison 1, AC +2
a: Spit Poison


You were on level 4 of the Dungeon.
You were not hungry.
You were a tree.
You visited 1 branch of the dungeon, and saw 4 of its levels.

You collected 162 gold pieces.

Inventory:

Hand Weapons
 a - a +0 trident (weapon)
Missiles
 d - 3 throwing nets {=f, !d}
Armour
 b - a +0 leather armour (melded)
 c - a +0 helmet (melded)
Jewellery
 m - a ring of positive energy (left branch) {rN+}
   (You found it on level 2 of the Dungeon)
 u - a +2 ring of intelligence {unknown}
   (You found it on level 3 of the Dungeon)
 w - an uncursed amulet of harm {unknown}
   (You found it on level 3 of the Dungeon)
Wands
 n - a wand of polymorph (16/24)
   (You took it off Sigmund on level 2 of the Dungeon)
Scrolls
 h - a scroll of remove curse {unknown}
 l - a scroll of fog {unknown}
 o - 2 scrolls of identify {unknown}
 p - 4 scrolls of fear {unknown}
 q - a scroll of magic mapping {unknown}
 s - 2 scrolls of enchant weapon {unknown}
 t - a scroll of blinking {unknown}
 v - a scroll of recharging {unknown}
Potions
 e - a potion of curing {unknown}
 i - a potion of lignification {!q}
 k - a potion of might {unknown}
Comestibles
 f - 5 bread rations {@e1}
 g - a fruit
 j - 2 royal jellies


   Skills:
 - Level 2.0 Fighting
 + Level 7.1 Polearms
 - Level 1.7 Throwing
 - Level 2.4 Dodging


You had 5 spell levels left.
You didn't know any spells.

Dungeon Overview and Level Annotations

Branches:
Dungeon (4/15)
 Temple: D:4-7

Altars:
Fedhas
Uskayaw

Annotations:
D:4 drasked's ghost, novice SpFE


Innate Abilities, Weirdness & Mutations

You cannot wear boots.
((Your serpentine skin is tough. (AC +2)))
You have supernaturally acute eyesight. (SInv)
((Armour fits poorly on your strangely shaped body.))
((Your system is resistant to poisons. (rPois)))
((You cover ground very slowly.))
You have a slow metabolism.
You can spit poison.


Message History

MASSIVE DAMAGE!!
Aim: drasked's ghost, wielding a weapon of protection (moderately damaged)
The splash of poison hits drasked's ghost.
Drasked's ghost completely resists.
You feel slightly more hungry. Drasked's ghost hits you.
* * * LOW HITPOINT WARNING * * *
You take 1 damage, and have 13/52 hp.
You barely miss drasked's ghost. Drasked's ghost hits you.
* * * LOW HITPOINT WARNING * * *
You take 4 damage, and have 9/52 hp.
Drasked's ghost hits you but does no damage.
You miss drasked's ghost. Drasked's ghost closely misses you.
You barely miss drasked's ghost. Drasked's ghost barely misses you.
You hit drasked's ghost but do no damage.
Drasked's ghost hits you but does no damage.
Really quaff
i - 2 potions of lignification {!q}?
You turn into a tree.
Your +0 helmet melds into your body.
Your +0 leather armour melds into your body.
Your roots penetrate the ground.
You have got your breath back.
Drasked's ghost hits you but does no damage.
You now have 15/78 hp.
You miss drasked's ghost.
Drasked's ghost hits you but does no damage.
You barely miss drasked's ghost. You closely miss drasked's ghost.
Drasked's ghost hits you but does no damage.
You miss drasked's ghost.
Drasked's ghost hits you but does no damage.
You miss drasked's ghost. Drasked's ghost barely misses you.
You completely miss drasked's ghost.
Drasked's ghost hits you but does no damage.
You barely miss drasked's ghost.
Drasked's ghost hits you but does no damage.
You miss drasked's ghost. Drasked's ghost hits you.
* * * LOW HITPOINT WARNING * * *
The howler monkey hoots and howls with incredible vigour!
You take 1 damage, and have 16/78 hp.
You barely miss drasked's ghost.
Drasked's ghost gestures at you while chanting.
The flame tongue hits you!
You barely miss drasked's ghost.
Drasked's ghost gestures at you while chanting.
The flame tongue hits you!
You barely miss drasked's ghost.
Drasked's ghost hits you but does no damage.
You hit drasked's ghost but do no damage.
Drasked's ghost hits you but does no damage.
You puncture drasked's ghost!
Drasked's ghost hits you but does no damage.
You barely miss drasked's ghost.
Drasked's ghost hits you but does no damage.
You closely miss drasked's ghost.
The howler monkey hoots and howls with incredible vigour!
Drasked's ghost hits you but does no damage.
You miss drasked's ghost. You hit drasked's ghost.
Drasked's ghost wails, "You must not succeed where I failed!"
Drasked's ghost hits you but does no damage.
The howler monkey hoots and howls with incredible vigour!
You barely miss drasked's ghost.
Drasked's ghost says, "What do you have that I didn't have?"
Drasked's ghost points at you and mumbles some strange words.
Helpless, you fail to dodge the flame tongue.
* * * LOW HITPOINT WARNING * * *
You take 5 damage, and have 13/78 hp.
You miss drasked's ghost.
Drasked's ghost hits you but does no damage.
You barely miss drasked's ghost. Drasked's ghost hits you.
* * * LOW HITPOINT WARNING * * *
You take 1 damage, and have 12/78 hp.
You closely miss drasked's ghost.
Drasked's ghost hits you but does no damage.
You barely miss drasked's ghost.
The howler monkey hoots and howls with incredible vigour!
Drasked's ghost points at you and mumbles some strange words.
The flame tongue hits you!
* * * LOW HITPOINT WARNING * * *
You take 12 damage, and have 1/78 hp.
Unknown command.
You closely miss drasked's ghost.
Drasked's ghost hits you but does no damage.
You miss drasked's ghost.
Drasked's ghost hits you but does no damage.
It was a potion of agility.
You feel agile all of a sudden.
Drasked's ghost hits you but does no damage.
It was a potion of resistance.
You feel protected.
Drasked's ghost grins evilly.
Drasked's ghost hits you but does no damage.
You miss drasked's ghost.
The howler monkey hoots and howls with incredible vigour!
Drasked's ghost hits you but does no damage.
You barely miss drasked's ghost.
Drasked's ghost hits you but does no damage.
You puncture drasked's ghost!
Drasked's ghost gestures at you while chanting.
The flame tongue hits you! You resist.
You die...

.# .. .##
..##############
#.##...........#
$######.##.########.##
........##.# #.#
#.#####..#♣# #.#
.........#W# #.#
.........#h########.#
....##.....##.......#
.#. #...####.####### #
#...# #.#.....# #...#
#.#.###.# #...# #.#.#
#.# #..## #.#.# #.#


You could see a howler monkey and drasked's ghost.

Vanquished Creatures
  Sigmund (D:2)
  Terence (D:3)
  Natasha (thrice) (D:2)
  An adder (D:2)
  An ooze (D:1)
  A worm (D:2)
  2 leopard geckos
  3 orcs (D:3)
  2 bats (D:2)
  3 giant cockroaches (D:2)
  3 goblins (D:1)
  8 hobgoblins
  2 jackals (D:2)
  A ball python (D:1)
  5 frilled lizards
  5 kobolds
  2 rats (D:1)
44 creatures vanquished.

Notes
Turn   | Place    | Note
-------+----------+-------------------------------------------
     0 | D:1      | drasked the Naga Gladiator began the quest for the Orb.
     0 | D:1      | Reached XP level 1. HP: 19/19 MP: 1/1
   154 | D:1      | Reached XP level 2. HP: 10/26 MP: 2/2
   764 | D:2      | Found a hide-covered altar of Uskayaw.
   774 | D:2      | Reached skill level 4 in Polearms
   796 | D:2      | Reached XP level 3. HP: 25/32 MP: 3/3
  1176 | D:2      | Noticed Sigmund
  1192 | D:2      | HP: 11/48 [Sigmund/puff of flame (3)]
  1197 | D:2      | Killed Sigmund
  1197 | D:2      | Reached skill level 6 in Polearms
  1197 | D:2      | Reached XP level 4. HP: 13/39 MP: 4/4
  1197 | D:2      | Reached XP level 5. HP: 15/45 MP: 5/5
  1593 | D:2      | Noticed Natasha
  1605 | D:2      | Killed Natasha
  1605 | D:2      | Reached XP level 6. HP: 30/52 MP: 6/6
  1710 | D:2      | Noticed Natasha
  1718 | D:2      | Killed Natasha
  1801 | D:2      | Noticed Natasha
  1812 | D:2      | Killed Natasha
  2226 | D:3      | Noticed Terence
  2245 | D:3      | Killed Terence
  2245 | D:3      | Reached skill level 7 in Polearms
  2398 | D:3      | Found a faded altar of an unknown god.
  2546 | D:3      | Found a blossoming altar of Fedhas.
  2748 | D:4      | Noticed drasked's ghost (novice SpFE)
  2765 | D:4      | HP: 13/52 [drasked's ghost (1)]
  2779 | D:4      | HP: 16/78 [drasked's ghost (1)]
  2789 | D:4      | HP: 13/78 [drasked's ghost/flame tongue (5)]
  2793 | D:4      | HP: 1/78 [drasked's ghost/flame tongue (12)]
  2800 | D:4      | Killed from afar by drasked's ghost

Vault maps used:
D:1:      nicolae_arrival_memento_mori, minmay_statues_item, due_unseen_surprise
D:2:      overflow_temple_1_default, uniq_natasha, uniq_sigmund
D:3:      chequers_ecumenical_altar_simple_redux, serial_curves, eino_curves_02,
          eino_curves_02, fedhas_altar_4, uniq_terence
D:4:      bloody_makhleb, first_bread, hangedman_decor_growths,
          hangedman_decor_lopped, uniq_ijyb

Skill      XL: |  1  2  3  4  5  6 |
---------------+-------------------+-----
Polearms       | 4 6 7 |  7.1
Fighting       | |  2.0
Throwing       | |  1.7
Dodging        | |  2.4

Action                   |  1- 3 |  4- 6 || total
-------------------------+-------+-------++-------
Melee: Trident           |   105 |   136 ||   241
 Abil: Spit Poison       |     2 |     1 ||     3
  Use: Potion            |     1 |     5 ||     6
 Stab: Sleeping          |     2 |       ||     2
  Eat: Chunk             |       |     4 ||     4
       Fruit             |       |     1 ||     1
Armor: Leather armour    |    27 |    17 ||    44
       Skin              |     5 |    22 ||    27
Dodge: Dodged            |    51 |    36 ||    87

Vault maps used:
D:1:      nicolae_arrival_memento_mori, minmay_statues_item, due_unseen_surprise
D:2:      overflow_temple_1_default, uniq_natasha, uniq_sigmund
D:3:      chequers_ecumenical_altar_simple_redux, serial_curves, eino_curves_02,
          eino_curves_02, fedhas_altar_4, uniq_terence
D:4:      bloody_makhleb, first_bread, hangedman_decor_growths,
          hangedman_decor_lopped, uniq_ijyb

Table legend:
 A = Turns spent in this place as a percentage of turns spent in the entire game.
 B = Non-inter-level travel turns spent in this place as a percentage of non-inter-level travel turns spent in the entire game.
 C = Inter-level travel turns spent in this place as a percentage of turns spent in this place.
 D = Turns resting spent in this place as a percentage of non-inter-level travel turns spent in this place.
 E = Turns spent auto-exploring this place as a percentage of non-inter-level travel turns spent in this place.
 F = Non-inter-level travel turns spent in this place divided by the number of levels of this place that you've seen.
                   A       B       C       D       E      F
               +-------+-------+-------+-------+-------+----------------------
         Total | 100.0 | 100.0 |   0.4 |   4.6 |  10.4 | 183.2
       Dungeon | 100.0 | 100.0 |   0.4 |   4.6 |  10.4 | 183.2
               +-------+-------+-------+-------+-------+----------------------

Table legend:
 A = Kills in this place as a percentage of kills in entire the game.
 B = Kills by you in this place as a percentage of kills by you in the entire game.
 C = Kills by friends in this place as a percentage of kills by friends in the entire game.
 D = Other kills in this place as a percentage of other kills in the entire game.
 E = Experience gained in this place as a percentage of experience gained in the entire game.
 F = Experience gained in this place divided by the number of levels of this place that you have seen.
                   A       B       C       D       E      F
               +-------+-------+-------+-------+-------+----------------------
         Total | 100.0 | 100.0 |  -nan |  -nan | 100.0 | 115.8
       Dungeon | 100.0 | 100.0 |  -nan |  -nan | 100.0 | 115.8
               +-------+-------+-------+-------+-------+----------------------
